 Dungeon Crawl Stone Soup version 0.20.0-9-g8272e65 (webtiles) character file.

735 Kriby the Cleaver (level 7, -13/64 HPs)
             Began as a Hill Orc Fighter on June 3, 2017.
             Was an Initiate of Trog.
             Mangled by an ogre
             ... wielding a +0 giant club
              (29 damage)
             ... on level 6 of the Dungeon.
             The game lasted 00:08:08 (5889 turns).

Kriby the Cleaver (Hill Orc Fighter)                Turns: 5889, Time: 00:08:09

Health: -13/64     AC:  9    Str: 26    XL:     7   Next: 74%
Magic:  7/7        EV: 10    Int: 11    God:    Trog [......]
Gold:   246        SH:  0    Dex: 10    Spells: 6/6 levels left

rFire    . . .     SeeInvis .   a - +0 war axe
rCold    . . .     Gourm    .   (no shield)
rNeg     . . .     Faith    .   b - +0 scale mail
rPois    .         Spirit   .   i - +1 helmet {Int+3}
rElec    .         Reflect  .   (no cloak)
rCorr    .         Harm     .   (no gloves)
MR       .....                  (no boots)
Stlth    ..........             (no amulet)
Regen    0.2/turn               (no ring)
MPRegen  0.1/turn               (no ring)

@: mighty
A: no striking features
a: Burn Spellbooks, Renounce Religion


You were on level 6 of the Dungeon.
You worshipped Trog.
Trog was noncommittal.
You were very hungry.

You visited 2 branches of the dungeon, and saw 7 of its levels.
You also visited: Sewer.

You collected 246 gold pieces.

Inventory:

Hand Weapons
 a - a +0 war axe (weapon)
 v - a +2 whip of draining
Armour
 b - a +0 scale mail (worn)
 c - a +0 shield
 i - a +1 helmet of intelligence (worn)
Wands
 y - a wand of clouds (5/9)
Scrolls
 g - 7 scrolls of identify {unknown}
 h - a scroll of noise {unknown}
 k - 2 scrolls of fog {unknown}
 l - 4 scrolls of enchant armour {unknown}
 m - a scroll of amnesia {unknown}
 n - 7 scrolls of recharging {unknown}
 o - a scroll of fear {unknown}
 p - a scroll of enchant weapon {unknown}
 r - 3 scrolls of teleportation {unknown}
 t - a scroll of remove curse {unknown}
 u - 3 scrolls of blinking {unknown}
 z - a scroll of random uselessness {unknown}
 B - a scroll of magic mapping {unknown}
Potions
 d - 3 potions of might
 e - a potion of experience {unknown}
 j - 2 potions of heal wounds
 s - a potion of haste
 w - 3 potions of curing
Comestibles
 f - 4 bread rations
 A - a meat ration


   Skills:
 + Level 6.9 Fighting
 * Level 9.1 Axes
 - Level 3.2 Armour
 - Level 3.2 Shields


You had 6 spell levels left.
You didn't know any spells.

Dungeon Overview and Level Annotations

Branches:
Dungeon (6/15)             Temple (1/1) D:4

Altars:
Cheibriados
Dithmenos
Elyvilon
Fedhas
Gozag
Hepliaklqana
Kikubaaqudgha
Nemelex Xobeh
Okawaru
Qazlal
Ru
Trog
Uskayaw
Vehumet
Xom
Yredelemnul
Zin


Message History

The gnoll barely misses you. The gnoll closely misses you.
The gnoll shaman hits you with a whip.
You feel very mighty all of a sudden. The gnoll hits you!
The gnoll hits you but does no damage. The gnoll shaman closely misses you.
You are too injured to fight recklessly!
You are too injured to fight recklessly!
You completely miss the ogre. You hit the gnoll. You hit the gnoll shaman.
The gnoll hits you but does no damage. The gnoll misses you.
The gnoll hits you. The ogre hits you with a giant club!
* * * LOW HITPOINT WARNING * * *
The gnoll shaman barely misses you.
You hit the ogre.
The ogre is moderately wounded.
You hit the gnoll shaman. You slash the gnoll!
You kill the gnoll!
Trog accepts your kill. The gnoll hits you but does no damage.
The gnoll shaman barely misses you. The ogre hits you with a giant club!!
You die...

#.......O......#
#..............#
#..............#
#..............#
#..<...........#
###'##..........
#.g..#..........
#.Og†#..........
#..@)#.....[....
#....#..........
#....#..........
##..##.........
#..#......###
...# ...# ....#


You could see an ogre, a gnoll shaman and a gnoll.

Vanquished Creatures
  An ice beast (D:5)
  An ogre (D:5)
  A crimson imp (D:5)
  A bullfrog zombie (D:5)
  2 orc priests (D:4)
  An orc wizard (D:4)
  A bullfrog skeleton (D:5)
  4 worker ants
  6 gnolls
  4 adders
  A river rat (Sewer)
  An ooze (D:2)
  An adder zombie (D:6)
  3 adder skeletons (D:2)
  8 worms
  2 dart slugs
  5 leopard geckos
  16 orcs (D:4)
  2 bat skeletons (D:2)
  3 giant cockroaches
  8 goblins
  5 hobgoblins
  12 jackals (D:2)
  9 kobolds
  4 quokkas
  5 ball pythons
  6 bats
  12 frilled lizards
  A giant cockroach zombie (D:2)
  2 jackal skeletons
  A jackal zombie (D:2)
  A quokka skeleton (D:2)
  13 rats
143 creatures vanquished.

Notes
Turn   | Place    | Note
-------+----------+-------------------------------------------
     0 | D:1      | Kriby the Hill Orc Fighter began the quest for the Orb.
     0 | D:1      | Reached XP level 1. HP: 19/19 MP: 1/1
    74 | D:1      | Reached skill level 3 in Axes
   285 | D:1      | Reached XP level 2. HP: 21/27 MP: 2/2
  1091 | D:1      | Reached XP level 3. HP: 33/33 MP: 3/3
  1270 | D:2      | Reached skill level 4 in Axes
  1574 | D:2      | Reached XP level 4. HP: 38/41 MP: 4/4
  1651 | D:2      | Reached skill level 5 in Axes
  2362 | D:2      | Found a shimmering altar of Xom.
  2364 | D:2      | Reached XP level 5. HP: 47/47 MP: 5/5
  2898 | D:3      | Found an opulent altar of Gozag.
  2977 | D:3      | Reached skill level 5 in Fighting
  3034 | D:3      | You fall through a shaft for 2 floors!
  3034 | D:5      | Entered Level 5 of the Dungeon
  3048 | D:5      | Found a sparkling altar of Nemelex Xobeh.
  3073 | D:4      | Found a glowing drain.
  3095 | Sewer    | Entered a sewer
  3105 | Sewer    | Reached skill level 6 in Axes
  3683 | D:4      | Reached XP level 6. HP: 14/56 MP: 6/6
  4090 | D:4      | Reached skill level 7 in Axes
  4731 | D:4      | Found a staircase to the Ecumenical Temple.
  4737 | Temple   | Entered the Ecumenical Temple
  4796 | Temple   | Became a worshipper of Trog the Wrathful
  4985 | D:5      | Noticed an ice beast
  4998 | D:5      | Killed an ice beast
  4998 | D:5      | Reached skill level 8 in Axes
  4998 | D:5      | Reached XP level 7. HP: 47/63 MP: 7/7
  5503 | D:5      | Found an iron altar of Okawaru.
  5578 | D:5      | Reached skill level 9 in Axes
  5889 | D:6      | Mangled by an ogre

Skill      XL: |  1  2  3  4  5  6  7 |
---------------+----------------------+-----
Axes           | 3 4 5 6 8 9 |  9.1
Fighting       | 4 5 6 |  6.9
Armour         | |  3.2
Shields        | |  3.2

Action                   |  1- 3 |  4- 6 |  7- 9 || total
-------------------------+-------+-------+-------++-------
Melee: War axe           |   108 |   268 |    54 ||   430
  Use: Potion            |       |     9 |     1 ||    10
  Eat: Chunk             |     2 |    12 |     1 ||    15
Armor: Scale mail        |    53 |   141 |    21 ||   215
Dodge: Dodged            |    41 |   128 |    26 ||   195
Block: Shield            |    23 |       |       ||    23
